 Dungeon Crawl Stone Soup version 0.29-a0-320-g9f8742066b (webtiles) character file.

Game seed: 17496834230535416641

213 Crownlay the Digger (level 5, -14/28 HPs)
             Began as a Gargoyle Earth Elementalist on Apr 2, 2022.
             Killed by divine providence
             ... invoked by an orc priest
              (15 damage)
             ... on level 4 of the Dungeon.
             The game lasted 00:05:11 (3064 turns).

Crownlay the Digger (Gargoyle Earth Elementalist)   Turns: 3064, Time: 00:05:12

Health: -14/28     AC:  8    Str: 11    XL:     5   Next: 90%
Magic:  7/9        EV: 12    Int: 18    God:
Gold:   118        SH:  0    Dex: 10    Spells: 4/10 levels left

rFire   . . .      SeeInvis .   n - +3 mace "Zoratat" {freeze, rN+}
rCold   . . .      Faith    .   (no shield)
rNeg    + + .      Spirit   .   b - +0 robe
rPois   ∞          Reflect  .   g - +0 hat
rElec   +          Harm     .   s - +1 cloak
rCorr   .          Rampage  .   (no gloves)
Will    .....                   (no boots)
Stlth   ++........              (no amulet)
HPRegen 0.09/turn               (no ring)
MPRegen 0.11/turn               (no ring)

@: no status effects
A: sickness immunity, AC +4, negative energy resistance 1, electricity
resistance, torment resistance 1, petrification resistance
a: no special abilities


You were on level 4 of the Dungeon.
You visited 1 branch of the dungeon, and saw 4 of its levels.

You collected 162 gold pieces.
You spent 44 gold pieces at shops.

Inventory:

Hand Weapons
 n - the +3 mace "Zoratat" (weapon) {freeze, rN+}
   (You found it on level 3 of the Dungeon)

   It freezes those it strikes, dealing additional cold damage.
   It can also slow down cold-blooded creatures.
   rN:        It protects you from negative energy.
Missiles
 a - 43 stones
Armour
 b - a +0 robe (worn)
 g - a +0 hat (worn)
 s - a +1 cloak (worn)
Jewellery
 d - an amulet of faith
 l - a ring of ice
Scrolls
 e - 2 scrolls of summoning
 f - a scroll of vulnerability {unknown}
 i - a scroll of magic mapping
 j - a scroll of amnesia {unknown}
 k - a scroll of identify {unknown}
 o - a scroll of fog {unknown}
 q - a scroll of torment {unknown}
 r - a scroll of noise {unknown}
Potions
 c - a potion of magic
 h - a potion of heal wounds {unknown}
 m - a potion of curing {unknown}
 p - 2 potions of ambrosia {unknown}


   Skills:
 - Level 2.5 Dodging
 - Level 3.4 Stealth
 * Level 3.1 Spellcasting
 - Level 2.0 Transmutations
 + Level 4.8 Earth Magic


You had 4 spell levels left.
You knew the following spells:

 Your Spells              Type           Power      Damage    Failure   Level
a - Sandblast             Erth           40%        2d10      2%          1
b - Passwall              Tmut/Erth      12%        N/A       6%          2
c - Stone Arrow           Conj/Erth      22%        3d8       19%         3

Your spell library contained the following spells:

 Spells                   Type           Power      Damage    Failure   Level
 Petrify                  Tmut/Erth      15%        N/A       36%         4


Dungeon Overview and Level Annotations

Branches:
Dungeon (4/15)
 Temple: D:4-7

Altars:

Shops:
D:2 *


Innate Abilities, Weirdness & Mutations

You are immune to sickness and miasma.
Your stone body is resilient. (AC +4)
You are immune to poison.
You resist negative energy. (rN+)
You are resistant to electric shocks. (rElec)
You are resistant to unholy torment.
You are immune to petrification.


Message History

Partly explored, can't reach some items.
Okay, then.
As you read the scroll labelled QOCLOA YRUSU, it crumbles to dust.
Wisps of shadow whirl around you...
It was a scroll of summoning.
As you read the scroll labelled KIETIT RYDDEX, it crumbles to dust.
You feel momentarily disoriented.
It was a scroll of magic mapping.
(D) Dungeon
Where to? (Enter - D:3, ? - help)
There is an open translucent door here.
Things that are here:
a +2 quarterstaff of chaos; the gnoll corpse of Crazy Yiuf
There is an open door here.
There is an open door here.
Your endoplasm dissolves into shadows!
Your bat dissolves into shadows!
Your hobgoblin dissolves into shadows!
There is a stone staircase leading down here.
You climb downwards.
Found a dagger and a ring mail.
There is a stone staircase leading up here.
There are monsters nearby!
An orc wizard and an orc come into view.
You can't see any susceptible monsters within range! (Use Z to cast anyway.)
There is a stone staircase leading up here.
The orc priest shouts!
The orc shouts! x2
The orc shouts!
The blast of sand hits the orc.
The orc is heavily wounded.
The orc priest invokes the aid of Beogh against you.
Beogh smites you!
The blast of sand hits the orc!
You kill the orc!
The orc priest mumbles some strange prayers to Beogh against you.
Beogh smites you!
Ouch! That really hurt!
* * * LOW HITPOINT WARNING * * *
The orc priest invokes the aid of Beogh against you.
Beogh smites you!
Ouch! That really hurt!
You die...

###
##+###..#####
#........oo..
+.......o.[..
#...@))..o..o
#............
#............
###+#######..


You could see an orc priest, an orc wizard and 2 orcs.

Vanquished Creatures
  A hound (D:3)
  Crazy Yiuf (D:3)
  An orc priest (D:3)
  6 adders
  3 dart slugs
  7 orcs
  7 ball pythons
  3 endoplasms
  4 giant cockroaches
  2 goblins
  7 hobgoblins
  6 jackals
  2 quokkas (D:3)
  4 bats
  2 kobolds
  6 rats
62 creatures vanquished.

Vanquished Creatures (others)
  An endoplasm (D:3)
  A plant (D:3)
2 creatures vanquished.

Grand Total: 64 creatures vanquished

Notes
Turn   | Place    | Note
-------+----------+-------------------------------------------
     0 | D:1      | Crownlay the Gargoyle Earth Elementalist began the quest
                  | for the Orb.
     0 | D:1      | Reached XP level 1. HP: 10/10 MP: 3/3
   638 | D:1      | Reached skill level 1 in Transmutations
   638 | D:1      | Reached XP level 2. HP: 14/15 MP: 5/5
  1025 | D:2      | Reached XP level 3. HP: 9/19 MP: 2/6
  1036 | D:1      | Reached skill level 4 in Earth Magic
  1405 | D:2      | Found Zyab's Assorted Antiques.
  1530 | D:2      | Bought 2 scrolls labelled KIETIT RYDDEX for 44 gold pieces
  1555 | D:2      | Reached XP level 4. HP: 24/24 MP: 7/7
  1600 | D:2      | Learned a level 2 spell: Passwall
  1604 | D:2      | Learned a level 3 spell: Stone Arrow
  2103 | D:3      | Identified the +3 mace "Zoratat" {freeze, rN+}
  2342 | D:3      | Reached XP level 5. HP: 28/28 MP: 8/8
  2630 | D:3      | Found a runed translucent door.
  2631 | D:3      | Noticed Crazy Yiuf
  2953 | D:3      | Killed Crazy Yiuf
  3063 | D:4      | HP: 1/28 [orc priest/divine providence (14)]
  3064 | D:4      | Killed from afar by an orc priest

Illustrated notes

Levels and vault maps discovered:
D:1:      lemuel_arrival_river_ford, layout_loops_ring
D:2:      layout_basic, serial_shops, nicolae_square_shop, bh_walls_and_bars
D:3:      layout_basic, minmay_misc_feat_doors, serial_bayou_pond_b,
          lemuel_flame_loot_1, uniq_crazy_yiuf_cottage
D:4:      layout_gridville

Skill      XL: |  1  2  3  4  5 |
---------------+----------------+-----
Transmutations | 1 2 |  2.0
Earth Magic    | 4 |  4.8
Dodging        | 2 |  2.5
Stealth        | 3 |  3.4
Spellcasting   | 3 |  3.1

Action                   |  1- 3 |  4- 6 || total
-------------------------+-------+-------++-------
Melee: Mace              |    48 |    86 ||   134
 Cast: Sandblast         |     8 |     5 ||    13
       Stone Arrow       |       |     1 ||     1
  Use: Scroll            |       |     2 ||     2
 Stab: Sleeping          |     7 |     4 ||    11
Armor: Robe              |    21 |    43 ||    64
Dodge: Dodged            |    32 |    76 ||   108

Table legend: (Time is in decaauts)
 A = Elapsed time spent in this place.
 B = Non-inter-level travel time spent in this place.
 C = Inter-level travel time spent in this place.
 D = Time resting spent in this place.
 E = Time spent auto-exploring this place.
 F = Levels seen in this place.
 G = Mean time per level.
                   A        B        C        D        E       F      G
               +--------+--------+--------+--------+--------+-----+--------+
         Total |   3125 |   3041 |     84 |      0 |   2553 |   4 |  781.2 |
       Dungeon |   3125 |   3041 |     84 |      0 |   2553 |   4 |  781.2 |
               +--------+--------+--------+--------+--------+-----+--------+

Top non-repeatable levels by time:
     D:1: 1245 daAuts
     D:3: 1005 daAuts
     D:2: 865 daAuts
     D:4: 8 daAuts
